 Dungeon Crawl Stone Soup version 0.28.0-47-ge53b351184 (webtiles) character file.

Game seed: 5059001972215265325

54 101zpm the Covered (level 3, 0/24 HPs)
             Began as a Gargoyle Fighter on Apr 27, 2022.
             Slain by an orc
             ... wielding a +0 mace
              (7 damage)
             ... on level 2 of the Dungeon.
             The game lasted 00:01:02 (705 turns).

101zpm the Covered (Gargoyle Fighter)                Turns: 705, Time: 00:01:03

Health: 0/24       AC: 10    Str: 21    XL:     3   Next: 91%
Magic:  3/3        EV:  9    Int:  8    God:
Gold:   13         SH:  4    Dex:  9    Spells: 2/2 levels left

rFire   . . .      SeeInvis .   e - +1 dagger (venom)
rCold   . . .      Faith    .   c - +0 buckler
rNeg    + . .      Spirit   .   b - +0 scale mail
rPois   ∞          Reflect  .   (no helmet)
rElec   +          Harm     .   (no cloak)
rCorr   .          Rampage  .   (no gloves)
Will    .....                   (no boots)
Stlth   ..........              (no amulet)
HPRegen 0.08/turn               (no ring)
MPRegen 0.08/turn               (no ring)

@: no status effects
A: sickness immunity, AC +3, negative energy resistance 1, electricity
resistance, torment resistance 1, petrification resistance
a: no special abilities


You were on level 2 of the Dungeon.
You visited 1 branch of the dungeon, and saw 2 of its levels.

You collected 13 gold pieces.

Inventory:

Hand Weapons
 a - a +0 flail
 e - a +1 dagger of venom (weapon)
Armour
 b - a +0 scale mail (worn)
 c - a +0 buckler (worn)
Potions
 d - a potion of might


   Skills:
 + Level 3.8 Fighting
 + Level 0.3 Short Blades
 + Level 2.3 Maces & Flails
 + Level 4.0 Armour
 + Level 0.3 Dodging
 + Level 3.6 Shields


You had 2 spell levels left.
You didn't know any spells.
Your spell library was empty.

Dungeon Overview and Level Annotations

Branches:
Dungeon (2/15)

Altars:
Hepliaklqana


Innate Abilities, Weirdness & Mutations

You are immune to sickness and miasma.
Your stone body is resilient. (AC +3)
You are immune to poison.
You resist negative energy. (rN+)
You are resistant to electric shocks. (rElec)
You are resistant to unholy torment.
You are immune to petrification.


Message History

The orc wizard shouts!
An orc comes into view. It is wielding a +2 war axe of flaming.
You hit the orc wizard.
The orc wizard is poisoned.
The orc wizard is lightly wounded.
The orc wizard closely misses you.
You hit the orc wizard.
The orc wizard looks as sick as possible!
The orc wizard is moderately wounded.
The orc closely misses you.
The orc wizard hits you but does no damage.
You barely miss the orc wizard.
The orc wizard is moderately wounded.
You block the orc's attack.
The orc wizard hits you but does no damage.
You barely miss the orc wizard.
The orc wizard is heavily wounded.
You block the orc's attack. The orc wizard casts a spell at you.
The magic dart hits you!
You hit the orc wizard.
The orc wizard looks as sick as possible!
The orc wizard is almost dead.
You kill the orc wizard!
The orc barely misses you.
An orc comes into view. It is wielding a +0 mace.
Your Armour skill increases to level 4!
You closely miss the orc.
The orc shouts!
The orc hits you with a +2 war axe of flaming!
The orc burns you.
* * * LOW HITPOINT WARNING * * *
You hit the orc.
The orc is poisoned.
The orc is lightly wounded.
The orc barely misses you.
You kill the orc!
You start resting.
An orc is nearby!
You are too injured to fight recklessly!
You barely miss the orc. The orc hits you with a +0 mace!
You die...

..........)..######
..>...........#...
#.#.##.##.###.##†#
#...... #.##...†.#
....... #)###o####
#.#..#.##.# #.#
#.......###)#
#...........#####
#...........o@..#
.......####.####.#
###...# #.......#
##.. ######..# #..
..# ... ..# ## #.#
.#


You could see an orc.

Vanquished Creatures
  An orc wizard (D:2)
  An adder (D:2)
  3 orcs (D:2)
  4 goblins
  A hobgoblin (D:2)
  3 jackals (D:2)
  3 kobolds (D:2)
  2 rats (D:2)
18 creatures vanquished.

Notes
Turn   | Place    | Note
-------+----------+-------------------------------------------
     0 | D:1      | 101zpm the Gargoyle Fighter began the quest for the Orb.
     0 | D:1      | Reached XP level 1. HP: 14/14 MP: 1/1
   159 | D:2      | Reached XP level 2. HP: 5/19 MP: 2/2
   516 | D:2      | Found a hazy altar of Hepliaklqana.
   645 | D:2      | Reached XP level 3. HP: 24/24 MP: 3/3
   692 | D:2      | Reached skill level 4 in Armour
   705 | D:2      | Slain by an orc

Illustrated notes

Levels and vault maps discovered:
D:1:      minmay_arrival_glassed_features, layout_basic, minivault_24
D:2:      layout_basic, serial_shops, shop, basic_altar, minmay_tetromino_o2

Skill      XL: |  1  2  3 |
---------------+----------+-----
Armour         | 4 |  4.0
Fighting       | |  3.8
Short Blades   | |  0.3
Maces & Flails | |  2.3
Dodging        | |  0.3
Shields        | |  3.6

Action                   || total
-------------------------++-------
Melee: Flail             ||    45
       Dagger            ||    28
Armor: Scale mail        ||    38
Dodge: Dodged            ||    34
Block: Buckler           ||    19
